 Dungeon Crawl Stone Soup version 0.29-a0-214-g17f627cfee (webtiles) character file.

Game seed: 11475156643245780133

19844 ReploidZero the Fighter (level 12, -9/67 HPs)
             Began as a Vine Stalker Fighter on Feb 24, 2022.
             Was a Follower of Uskayaw.
             Mangled by Rupert
             ... wielding a +2 battleaxe of venom
              (14 damage)
             ... while paralysed by Rupert
             ... on level 12 of the Dungeon.
             The game lasted 00:34:09 (9513 turns).

ReploidZero the Fighter (Vine Stalker Fighter)      Turns: 9513, Time: 00:34:10

Health: -9/67      AC: 16    Str: 23    XL:     12   Next: 73%
Magic:  0/18       EV:  2    Int:  8    God:    Uskayaw [*.....]
Gold:   648        SH:  0    Dex: 15    Spells: 11/11 levels left

rFire   + . .      SeeInvis .   v - +5 demon whip (venom)
rCold   + . .      Faith    .   i - +2 buckler
rNeg    . . .      Spirit   +   b - +0 scale mail
rPois   .          Reflect  .   (no helmet)
rElec   .          Harm     .   d - +2 cloak {rCorr}
rCorr   +          Rampage  .   t - +2 pair of gloves
Will    +....                   n - +0 pair of boots
Stlth   ..........              g - amulet of regeneration
HPRegen 1.81/turn               s - ring of protection from cold
MPRegen 0.16/turn               B - ring of protection from fire

@: paralysed, lethally poisoned (-9 -> -25)
A: fangs 3, regeneration 1, magic shield, antimagic bite, no potion heal 2
a: Renounce Religion, Stomp


You were on level 12 of the Dungeon.
You worshipped Uskayaw.
Uskayaw was noncommittal.
You visited 2 branches of the dungeon, and saw 13 of its levels.
You also visited: Sewer.

You collected 708 gold pieces.
You spent 60 gold pieces at shops.

Inventory:

Hand Weapons
 f - a +2 demon whip of draining
 v - a +5 demon whip of venom (weapon)
Missiles
 o - 21 poisoned darts (quivered)
 E - 3 throwing nets
Armour
 b - a +0 scale mail (worn)
 d - a +2 cloak of preservation (worn)
 i - a +2 buckler (worn)
 k - a scarf of invisibility
 n - a +0 pair of boots (worn)
 t - a +2 pair of gloves (worn)
Jewellery
 g - an amulet of regeneration (around neck)
 l - an amulet of reflection
 s - a ring of protection from cold (left hand)
 u - an amulet of magic regeneration
 A - a ring of willpower
 B - a ring of protection from fire (right hand)
 D - a ring of protection from cold
 G - a ring of wizardry
 H - an amulet of the acrobat
Wands
 m - a wand of flame (14)
 q - a wand of paralysis (16)
 y - a wand of mindburst (4)
 C - a wand of polymorph (11)
Scrolls
 c - 2 scrolls of fear
 j - 3 scrolls of teleportation
 p - a scroll of blinking
 r - 3 scrolls of identify
 x - a scroll of magic mapping
Potions
 a - 2 potions of mutation
 e - 5 potions of curing
 h - a potion of flight
 w - a potion of magic
 z - a potion of haste
 F - a potion of ambrosia
 I - a potion of resistance
 J - a potion of berserk rage


   Skills:
 + Level 9.8 Fighting
 + Level 9.5 Maces & Flails
 + Level 8.9 Armour
 - Level 8.0 Shields
 + Level 7.9 Invocations


You had 11 spell levels left.
You didn't know any spells.
Your spell library contained the following spells:

 Spells                   Type           Power      Damage    Failure   Level
 Beastly Appendage        Tmut           0%         N/A       77%         1
 Foxfire                  Conj/Fire      0%         2x1d4     77%         1
 Slow                     Hex            0%         N/A       77%         1
 Wereblood                Tmut           0%         N/A       88%         2
 Confusing Touch          Hex            0%         N/A       98%         3
 Conjure Flame            Conj/Fire      0%         6-21      98%         3
 Inner Flame              Hex/Fire       0%         N/A       98%         3
 Spider Form              Tmut/Pois      0%         N/A       98%         3
 Vampiric Draining        Necr           0%         2d6       98%         3
 Flame Wave               Conj/Fire      0%         2d4       100%        4
 Summon Lightning Spire   Summ/Air       0%         N/A       100%        4
 Yara's Violent Unravell  Hex/Tmut       0%         3d3       100%        5
 Enfeeble                 Hex            0%         N/A       100%        7
 Storm Form               Tmut/Air       0%         N/A       100%        7
 Maxwell's Capacitive Co  Air            0%         ∞         100%        8


Dungeon Overview and Level Annotations

Branches:
Dungeon (12/15)            Temple (1/1) D:5            Lair (0/6) D:11
    Orc (0/2) D:9           Sewer (visited)

Altars:
Ashenzari
Cheibriados
Dithmenos
Elyvilon
Fedhas
Gozag
Hepliaklqana
Kikubaaqudgha
Makhleb
Nemelex Xobeh
Okawaru
Qazlal
Ru
Sif Muna
Trog
Uskayaw
Vehumet
Wu Jian
Xom
Yredelemnul
Zin
The Shining One

Shops:
D:7 !

Portals:
Trove: D:11 (give 7 scrolls of fog)

Annotations:
D:12 Jorgrun, Rupert, Snorg, Sonja


Innate Abilities, Weirdness & Mutations

You have razor-sharp teeth.
Your natural rate of healing is unusually fast.
When hurt, damage is shared between your health and your magic reserves.
Your bite disrupts and absorbs the magic of your enemies.
Potions cannot restore your health.


Message History

You barely miss the gnoll. The gnoll barely misses you.
You whack the gnoll!
You kill the gnoll!
No target in view!
No target in view!
Items here: )) [ †.
You see here a +0 spear.
You now have 648 gold pieces (gained 18).
Found a scale mail.
Rupert is nearby!
Rupert is nearby!
Rupert is nearby!
You block Rupert's attack.
You hit Rupert.
Rupert is poisoned.
You bite Rupert! You drain his power.
Rupert is lightly wounded.
You hit Rupert.
Rupert looks as sick as possible!
Rupert is lightly wounded.
Rupert yells loudly at you.
You suddenly lose the ability to move!
Rupert screams, "Get ready!
I'll kill you!
Or something like that..."
Rupert hits you with a +2 battleaxe of venom!
Rupert roars madly and goes into a rage!
Rupert goes berserk!
Rupert hits you with a +2 battleaxe of venom!!
You are poisoned.
You feel very sick.
Rupert hits you with a +2 battleaxe of venom!!
You are more poisoned.
Rupert completely misses you.
* * * LOW HITPOINT WARNING * * *
You feel extremely sick.
Rupert hits you with a +2 battleaxe of venom!
* * * LOW HITPOINT WARNING * * *
You are more poisoned.
* * * LOW HITPOINT WARNING * * *
You feel extremely sick.
Rupert hits you with a +2 battleaxe of venom.
* * * LOW HITPOINT WARNING * * *
Rupert hits you with a +2 battleaxe of venom!!
You die...

#######.####..<##....#
#...[.. .##...##....#
#.########.....##.).##
#.#............##.).##
#.#.............#)...#
#.............#....#
#.............#....#
...##...###..#####.#
###@..# #........#
#.@#####+#########
#......@..........
##########.#####...
.K.........# ...
######...#### .#
...#..'####+## #
.............###
.K....#........


You could see Rupert (berserk, very poisoned).

Vanquished Creatures
  Azrael (D:12)
  Erica (D:8)
  2 two-headed ogres
  3 death yaks
  The ghost of benadryl the Archer, a novice DEHu of Sif Muna (D:9)
  Pikel (D:6)
  The ghost of dolemite99 the Quickloader, a novice HOHu of Lugonu (D:5)
  The ghost of DrKleor the Skirmisher, a novice DsFi (D:4)
  An orange demon (D:8)
  A kobold demonologist (D:10)
  An efreet (D:10)
  3 trolls
  A shadow (D:11)
  2 wyverns
  29 yaks
  6 fire elementals (D:12)
  A steam dragon (D:9)
  Eustachio (D:4)
  9 vampire mosquitoes
  Menkaure (D:4)
  Duvessa (D:6)
  A water moccasin (D:7)
  2 hell hounds (D:12)
  An acid dragon (D:5)
  5 ice beasts
  3 orc warriors
  A necrophage (D:3)
  2 sky beasts
  4 ogres
  6 centaurs
  2 phantoms
  4 bullfrogs
  A kobold brigand (D:11)
  2 gnoll sergeants
  A scorpion (D:5)
  Dowan (D:6)
  13 killer bees
  3 wights (D:6)
  2 electric eels (D:10)
  7 howler monkeys
  3 centaur zombies
  A jelly (D:7)
  2 gnoll shamans
  6 hounds
  Crazy Yiuf (D:4)
  2 orc priests
  A bullfrog skeleton (D:4)
  2 iguanas
  6 orc wizards
  A hell rat (D:11)
  A hound zombie (D:5)
  A hound skeleton (D:4)
  A howler monkey zombie (D:7)
  14 gnolls
  A howler monkey skeleton (D:4)
  7 adders
  2 white imps
  An adder skeleton (D:4)
  2 worms
  2 dart slugs
  30 orcs
  4 endoplasms
  12 giant cockroaches
  8 goblins
  10 hobgoblins
  12 jackals
  13 kobolds
  13 quokkas
  10 ball pythons
  3 bats
  5 frilled lizards
  7 rats
313 creatures vanquished.

Vanquished Creatures (collateral kills)
  Amaemon (D:8)
1 creature vanquished.

Vanquished Creatures (others)
  A plant (D:4)
1 creature vanquished.

Grand Total: 315 creatures vanquished

Notes
Turn   | Place    | Note
-------+----------+-------------------------------------------
     0 | D:1      | ReploidZero the Vine Stalker Fighter began the quest for
                  | the Orb.
     0 | D:1      | Reached XP level 1. HP: 11/11 MP: 2/2
   203 | D:1      | Reached XP level 2. HP: 16/16 MP: 3/3
   955 | D:2      | Reached XP level 3. HP: 18/20 MP: 4/4
  1128 | D:2      | Found a glowing silver altar of Zin.
  1368 | D:3      | Identified a scroll of acquirement
  1368 | D:3      | Acquired a +2 demon whip of draining
  1473 | D:3      | Noticed a necrophage
  1485 | D:3      | Gained mutation: Your natural rate of healing is unusually
                  | fast. [Vine Stalker growth]
  1485 | D:3      | Reached XP level 4. HP: 24/24 MP: 5/5
  1493 | D:3      | Killed a necrophage
  1494 | D:3      | Reached XP level 5. HP: 28/28 MP: 4/6
  1540 | D:3      | Found a glowing drain.
  1563 | Sewer    | Entered a sewer
  1780 | Sewer    | Reached XP level 6. HP: 30/33 MP: 3/7
  2393 | D:4      | Reached XP level 7. HP: 37/37 MP: 8/8
  2526 | D:4      | Found a transporter.
  2528 | D:4      | Found a transporter.
  2528 | D:4      | Noticed DrKleor's ghost (novice DsFi)
  2579 | D:4      | Found a runed translucent door.
  2580 | D:4      | Noticed Crazy Yiuf
  2857 | D:4      | Noticed Menkaure
  2857 | D:4      | Noticed Eustachio
  2867 | D:4      | Killed Eustachio
  2868 | D:4      | Killed Menkaure
  2869 | D:4      | Gained mutation: You have razor-sharp teeth. [Vine Stalker
                  | growth]
  2869 | D:4      | Reached XP level 8. HP: 42/42 MP: 9/9
  3322 | D:4      | Killed Crazy Yiuf
  3323 | D:4      | Reached skill level 5 in Shields
  3399 | D:5      | Entered Level 5 of the Dungeon
  3410 | D:5      | Reached skill level 5 in Fighting
  3429 | D:5      | Found a staircase to the Ecumenical Temple.
  3622 | D:5      | Found a runed translucent door.
  3626 | D:5      | Noticed dolemite99's ghost (novice HOHu)
  3664 | D:5      | Reached skill level 5 in Maces & Flails
  3765 | D:5      | Reached skill level 5 in Armour
  4085 | D:5      | Killed dolemite99's ghost
  4086 | D:5      | Reached XP level 9. HP: 48/48 MP: 10/10
  4200 | D:4      | Killed DrKleor's ghost
  4259 | Temple   | Entered the Ecumenical Temple
  4717 | Temple   | Became a worshipper of Uskayaw the Reveller
  4775 | D:6      | Reached * piety under Uskayaw
  4778 | D:6      | Reached ** piety under Uskayaw
  4919 | D:6      | Noticed Duvessa
  4921 | D:6      | Noticed Dowan
  4929 | D:6      | Reached *** piety under Uskayaw
  4930 | D:6      | Killed Duvessa
  4938 | D:6      | Reached **** piety under Uskayaw
  4940 | D:6      | Killed Dowan
  4940 | D:6      | Reached ***** piety under Uskayaw
  5093 | D:6      | Found a hazy altar of Hepliaklqana.
  5093 | D:6      | Found an opulent altar of Gozag.
  5359 | D:6      | Reached XP level 10. HP: 53/53 MP: 11/11
  5402 | D:6      | Noticed Pikel
  5464 | D:6      | Killed Pikel
  6041 | D:7      | Found Epusy's Distillery.
  6188 | D:7      | Bought a potion of degeneration for 15 gold pieces
  6188 | D:7      | Bought a potion of curing for 45 gold pieces
  6437 | D:8      | Reached ****** piety under Uskayaw
  6571 | D:8      | Noticed an orange demon
  6582 | D:8      | Killed an orange demon
  6588 | D:8      | Noticed Amaemon
  6602 | D:8      | Killed Amaemon
  6603 | D:8      | Reached XP level 11. HP: 37/60 MP: 15/15
  6661 | D:8      | Found a flagged portal.
  7232 | D:8      | Noticed Erica
  7239 | D:8      | Killed Erica
  7395 | D:9      | Reached skill level 5 in Invocations
  7411 | D:9      | Noticed a two-headed ogre
  7418 | D:9      | Killed a two-headed ogre
  7520 | D:9      | Found a runed translucent door.
  7526 | D:9      | Noticed benadryl's ghost (novice DEHu)
  7972 | D:9      | Found a staircase to the Orcish Mines.
  8177 | D:9      | Killed benadryl's ghost
  8254 | D:10     | Entered Level 10 of the Dungeon
  8254 | D:10     | Noticed a two-headed ogre
  8262 | D:10     | Killed a two-headed ogre
  8783 | D:11     | Noticed a death yak
  8811 | D:11     | Killed a death yak
  8862 | D:11     | Found a staircase to the Lair.
  8871 | D:11     | Noticed a death yak
  8871 | D:11     | Noticed a death yak
  8899 | D:10     | Reached XP level 12. HP: 61/65 MP: 17/17
  8928 | D:10     | Killed a death yak
  8949 | D:11     | Killed a death yak
  9074 | D:11     | Found a portal to a secret trove of treasure.
  9278 | D:12     | Noticed Jorgrun
  9284 | D:12     | Noticed Sonja
  9285 | D:12     | Noticed Rupert
  9288 | D:12     | Noticed Snorg
  9372 | D:12     | Noticed Azrael
  9398 | D:12     | Killed Azrael
  9507 | D:12     | Paralysed by Rupert for 7 turns
  9513 | D:12     | Mangled by Rupert

Illustrated notes

Levels and vault maps discovered:
D:1:      elethiomel_arrival_shortcut, layout_loops_ring
D:2:      layout_rooms, basic_altar
D:3:      layout_rooms, cheibrodos_sewer_entry_drain
D:4:      corexii_shack_village, layout_loops_ring, gammafunk_ghost_smash,
          uniq_menkaure, uniq_eustachio, uniq_crazy_yiuf_cottage
D:5:      layout_loops_cross, minmay_temple_entry_arrows, ebering_ghost_sewer_d
D:6:      layout_cave_pods, gammafunk_temple_overflow_wave, uniq_pikel,
          uniq_duvessa
D:7:      layout_rooms, serial_shops, nicolae_stop_n_shop_2
D:8:      layout_basic, enter_bailey_2, uniq_erica, uniq_amaemon
D:9:      layout_long_grid, orc_0_dummy, ebering_ghost_reflecting_pool
D:10:     layout_big_octagon
D:11:     layout_cave_pools, dpeg_lair_monsters, nicolae_trove_entry_free_sample
D:12:     layout_gridville, serial_co_window_serial, co_window_paths_a,
          co_window_paths_a, co_window_paths_a, co_window_paths_a,
          co_window_corner_a, co_window_corner_b, co_window_2corner,
          co_window_corner_ca, glass_columns_b, glass_columns_c,
          glass_columns_b, uniq_rupert, uniq_snorg, uniq_jorgrun, uniq_sonja,
          uniq_azrael
Temple:   mainiacjoe_temple_big_plus

Skill      XL: |  1  2  3  4  5  6  7  8  9 10 11 12 |
---------------+-------------------------------------+-----
Maces & Flails | 2 3 4 5 6 7 8 9 |  9.5
Fighting       | 3 4 6 7 8 9 |  9.8
Shields        | 3 4 6 8 |  8.0
Armour         | 3 4 5 6 7 8 |  8.9
Invocations    | 4 6 7 |  7.9

Action                   |  1- 3 |  4- 6 |  7- 9 | 10-12 || total
-------------------------+-------+-------+-------+-------++-------
Melee: Flail             |    29 |       |       |       ||    29
       Dagger            |    41 |       |       |       ||    41
       Bite              |    16 |    26 |    72 |   170 ||   284
       Demon whip        |    15 |   135 |   252 |   464 ||   866
Invok: Line Pass         |       |       |       |     1 ||     1
Evoke: Wand              |       |       |     1 |     5 ||     6
  Use: Scroll            |     4 |     4 |     3 |     9 ||    20
       Potion            |       |     1 |     2 |     2 ||     5
 Stab: Paralysed         |       |       |     4 |    46 ||    50
       Confused          |       |       |       |     1 ||     1
Armor: Scale mail        |    31 |    72 |   128 |   221 ||   452
Dodge: Dodged            |    36 |    68 |   102 |   159 ||   365
Block: Buckler           |     6 |    44 |    58 |   159 ||   267

Table legend: (Time is in decaauts)
 A = Elapsed time spent in this place.
 B = Non-inter-level travel time spent in this place.
 C = Inter-level travel time spent in this place.
 D = Time resting spent in this place.
 E = Time spent auto-exploring this place.
 F = Levels seen in this place.
 G = Mean time per level.
                   A        B        C        D        E       F      G
               +--------+--------+--------+--------+--------+-----+--------+
         Total |   9486 |   8890 |    596 |      0 |   6824 |  14 |  677.6 |
       Dungeon |   8434 |   7867 |    567 |      0 |   6084 |  12 |  702.8 |
        Temple |    488 |    459 |     29 |      0 |    385 |   1 |  488.0 |
         Sewer |    564 |    564 |      0 |      0 |    355 |   1 |  564.0 |
               +--------+--------+--------+--------+--------+-----+--------+

Top non-repeatable levels by time:
     D:4: 1187 daAuts
     D:8: 1073 daAuts
     D:6: 1028 daAuts
     D:1: 955 daAuts
     D:9: 878 daAuts
     D:5: 755 daAuts
   Sewer: 564 daAuts
     D:3: 491 daAuts
     D:7: 489 daAuts
  Temple: 488 daAuts
    D:11: 467 daAuts
    D:10: 466 daAuts
     D:2: 425 daAuts
    D:12: 214 daAuts
